 Dungeon Crawl Stone Soup version 0.28-a0-1190-g77e1c55843 (webtiles) character file.

Game seed: 9643044419234967095

2685 freelancePsychic the Conjurer (level 9, -1/71 HPs)
             Began as a Demonspawn Fire Elementalist on Dec 18, 2021.
             Was a Follower of Vehumet.
             Slain by an orc warrior (26 damage)
             ... on level 8 of the Dungeon.
             The game lasted 00:14:51 (8937 turns).

freelancePsychic the Conjurer (DsFE)                Turns: 8937, Time: 00:14:51

Health: -1/71      AC:  1    Str:  8    XL:     9   Next: 38%
Magic:  8/16       EV: 16    Int: 21    God:    Vehumet [*.....]
Gold:   431        SH:  0    Dex: 16    Spells: 12/18 levels left

rFire   + . .      SeeInvis .   b - +0 dagger
rCold   . . .      Faith    .   (no shield)
rNeg    . . .      Spirit   .   l - +2 leather armour {rF+}
rPois   .          Reflect  .   (no helmet)
rElec   .          Harm     .   (no cloak)
rCorr   .          Rampage  .   (no gloves)
Will    .....                   (no boots)
Stlth   +++.......              (no amulet)
HPRegen 0.21/turn               (no ring)
MPRegen 0.15/turn               (no ring)

@: agile, corroded
A: thin skeletal structure 1, ignite blood 1, powered by pain 1, demonic touch 2
a: Renounce Religion


You were on level 8 of the Dungeon.
You worshipped Vehumet.
Vehumet was aware of your devotion.
You visited 2 branches of the dungeon, and saw 9 of its levels.

You collected 431 gold pieces.

Inventory:

Hand Weapons
 b - a +0 dagger (weapon)
Armour
 a - a +0 robe
 l - a +2 leather armour of fire resistance (worn)
 s - a +0 buckler
Jewellery
 t - the ring of Onguomp {Ice +Blink Will- rCorr Str+3}
   (You found it on level 7 of the Dungeon)

   [ring of ice]

   It enhances your ice magic.
   Str:       It affects your strength (+3).
   rF:        It makes you vulnerable to fire.
   rC:        It protects you from cold.
   +Blink:    It lets you blink.
   rCorr:     It protects you from acid and corrosion.
   Will:      It decreases your willpower.
Wands
 f - a wand of flame (30)
 p - a wand of polymorph (11)
 r - a wand of acid (3)
Scrolls
 c - a scroll of summoning {unknown}
 e - a scroll of enchant weapon
 g - a scroll of amnesia
 i - a scroll of blinking {unknown}
 j - a scroll of magic mapping
 m - 2 scrolls of fear
 n - 5 scrolls of teleportation {@r4}
 u - a scroll of noise {unknown}
Potions
 d - 6 potions of curing {unknown}
 h - 2 potions of cancellation {unknown}
 k - 3 potions of lignification {unknown}
 o - a potion of resistance {unknown}
 q - a potion of might {unknown}


   Skills:
 + Level 6.4 Fighting
 - Level 1.7 Dodging
 - Level 1.7 Stealth
 - Level 5.0 Spellcasting
 + Level 6.9 Conjurations
 - Level 5.3 Fire Magic
 + Level 4.1 Earth Magic


You had 12 spell levels left.
You knew the following spells:

 Your Spells              Type           Power      Damage    Failure   Level
a - Foxfire               Conj/Fire      100%       2x1d9     1%          1
b - Scorch                Fire           54%        2d7       2%          2
c - Inner Flame           Hex/Fire       16%        N/A       16%         3

Your spell library contained the following spells:

 Spells                   Type           Power      Damage    Failure   Level
 Sandblast                Erth           44%        2d11      3%          1
 Conjure Flame            Conj/Fire      31%        6-21      3%          3
 Flame Wave               Conj/Fire      31%        2d7       12%         4
 Leda's Liquefaction      Hex/Erth       6%         N/A       56%         4
 Lehudib's Crystal Spear  Conj/Erth      14%        10d5      100%        8


Dungeon Overview and Level Annotations

Branches:
Dungeon (8/15)             Temple (1/1) D:5
   Lair: D:8-11

Altars:
Ashenzari
Cheibriados
Dithmenos
Elyvilon
Gozag
Hepliaklqana
Kikubaaqudgha
Makhleb
Nemelex Xobeh
Okawaru
Qazlal
Ru
Sif Muna
Trog
Uskayaw
Vehumet
Wu Jian
Xom
Yredelemnul
Zin
The Shining One

Shops:
D:5 *

Annotations:
D:6 exclusion: oklob plant, Edmund


Innate Abilities, Weirdness & Mutations

You have a somewhat thin skeletal structure. (Dex +2, Stealth+)
Your demonic aura sometimes causes spilled blood to erupt in flames.
You sometimes gain a little power by taking damage.
Your touch may inflict irresistible damage on your foes.


Message History

Casting: Scorch (safe; 2% risk of failure)
Confirm with . or Enter, or press ? or * to list all spells.
Flames lash the orc warrior.
The orc warrior is lightly wounded.
The orc warrior's fire resistance burns away.
The orc wizard shouts!
You hear a shout! x2
An orc wizard comes into view. It is wielding a +0 dagger.
The acid dragon bites you. The acid dragon claws you.
Casting: Scorch (safe; 2% risk of failure)
Confirm with . or Enter, or press ? or * to list all spells.
You conjure some foxfire!
The orc warrior hits you from afar with a +2 glaive of protection!
You focus on the pain.
You feel agile all of a sudden.
An orc comes into view. It is wielding a +0 hand axe.
The acid dragon closely misses you.
The acid dragon claws you but does no damage.
The orc warrior is no longer more vulnerable to fire.
The foxfire hits the acid dragon!
The acid dragon is burned terribly!
The acid dragon is severely wounded.
The foxfire hits the acid dragon.
The acid dragon is severely wounded.
The acid dragon spits acid at you. The splash of acid hits you!!
The acid corrodes you!
Casting: Foxfire (safe; 1% risk of failure)
Confirm with . or Enter, or press ? or * to list all spells.
Flames lash the kobold.
You kill the kobold!
Vehumet accepts your kill.
The orc wizard mumbles some strange words.
The orc wizard flickers and vanishes!
Deactivating autopickup; reactivate with Ctrl-A.
The orc warrior closely misses you.
Casting: Scorch (safe; 2% risk of failure)
Confirm with . or Enter, or press ? or * to list all spells.
Flames lash the orc warrior.
The orc warrior is lightly wounded.
The orc warrior's fire resistance burns away.
The orc warrior hits you from afar with a +2 glaive of protection!!
You die...

#.........##...##.#.. ..P.
#######.#.####....#.##P.P#
#.....###...#..#...#
##.##..##.#..#...≈..
#.###....#.....###.? #.#
###..##...$....g #.#
#..####.##.... #.# #..#
... .#g #.# #@## .### ...
#D.# D# ... #o........
$..).##...# .o.#K#.# ..#
.....#. .. .. .... #. ...
. ... .. ..# ... #. ...


You could see an orc warrior (combustible), an acid dragon (catching breath,
combustible) and a kobold.

Vanquished Creatures
  Sigmund (D:6)
  A steam dragon (D:7)
  Menkaure (D:7)
  An ice beast (D:7)
  2 orc warriors (D:8)
  2 necrophages
  2 ogres
  A centaur (D:7)
  A phantom (D:4)
  A bullfrog (D:7)
  3 scorpions
  A wyvern skeleton (D:7)
  4 water moccasin skeletons
  A howler monkey (D:4)
  A bullfrog zombie (D:5)
  9 jellies
  9 orc priests
  An iguana (D:5)
  Terence (D:3)
  A scorpion zombie (D:5)
  3 orc wizards
  2 hound skeletons (D:4)
  3 gnolls (D:7)
  7 adders
  3 white imps
  An ufetubus (D:5)
  4 worms
  An adder skeleton (D:4)
  3 dart slugs
  21 orcs
  16 endoplasms
  A giant cockroach (D:2)
  10 goblins
  5 hobgoblins
  2 jackals (D:2)
  2 quokkas (D:3)
  5 ball pythons
  16 bats
  6 kobolds
  4 rats
159 creatures vanquished.

Vanquished Creatures (others)
  398 foxfires
  6 fungi
  A plant (D:8)
405 creatures vanquished.

Grand Total: 564 creatures vanquished

Notes
Turn   | Place    | Note
-------+----------+-------------------------------------------
     0 | D:1      | freelancePsychic the Demonspawn Fire Elementalist began the
                  | quest for the Orb.
     0 | D:1      | Reached XP level 1. HP: 13/13 MP: 3/3
   266 | D:1      | Gained mutation: Your touch may inflict minor irresistible
                  | damage on your foes. [demonic ancestry]
   266 | D:1      | Reached XP level 2. HP: 19/19 MP: 1/5
   815 | D:1      | Learned a level 2 spell: Scorch
   961 | D:2      | Gained mutation: Your demonic aura sometimes causes spilled
                  | blood to erupt in flames. [demonic ancestry]
   961 | D:2      | Reached XP level 3. HP: 24/24 MP: 1/6
  2223 | D:3      | Reached XP level 4. HP: 30/30 MP: 3/8
  2647 | D:3      | Noticed Terence
  2662 | D:3      | Killed Terence
  2663 | D:3      | Reached skill level 1 in Fighting
  2673 | D:3      | Reached XP level 5. HP: 29/37 MP: 0/9
  3749 | D:4      | Gained mutation: You have a somewhat thin skeletal
                  | structure. (Dex +2, Stealth+) [demonic ancestry]
  3749 | D:4      | Reached XP level 6. HP: 36/44 MP: 4/10
  4421 | D:4      | Reached XP level 7. HP: 32/52 MP: 0/11
  4964 | D:5      | Entered Level 5 of the Dungeon
  5076 | D:5      | Found a staircase to the Ecumenical Temple.
  5089 | D:5      | Got the Volume of the Mountains and the Volcanoes
  5100 | Temple   | Entered the Ecumenical Temple
  5158 | Temple   | Became a worshipper of Vehumet
  5468 | D:5      | Reached skill level 5 in Fire Magic
  5672 | D:5      | Found Bazxix's Overcharged Wands.
  5687 | D:5      | Reached skill level 5 in Conjurations
  6000 | D:5      | Found Huomin's Jewellery Shoppe.
  6397 | D:6      | Reached skill level 1 in Earth Magic
  6397 | D:6      | Gained mutation: You sometimes gain a little power by
                  | taking damage. [demonic ancestry]
  6397 | D:6      | Reached XP level 8. HP: 57/61 MP: 3/12
  6476 | D:6      | Noticed an oklob plant
  6936 | D:6      | Reached skill level 5 in Fighting
  7044 | D:6      | Noticed Sigmund
  7046 | D:6      | Noticed Edmund
  7076 | D:6      | Killed Sigmund
  7666 | D:7      | Reached * piety under Vehumet
  7666 | D:7      | Offered knowledge of Sandblast by Vehumet.
  7667 | D:7      | Gained mutation: Your touch may inflict irresistible damage
                  | on your foes. [demonic ancestry]
  7667 | D:7      | Reached XP level 9. HP: 55/69 MP: 3/15
  7996 | D:7      | Learned a level 3 spell: Inner Flame
  8283 | D:7      | Identified the ring of Onguomp {Ice +Blink Will- rCorr
                  | Str+3}
  8324 | D:7      | Noticed Menkaure
  8328 | D:7      | Killed Menkaure
  8614 | D:8      | Reached skill level 5 in Spellcasting
  8937 | D:8      | Slain by an orc warrior

Illustrated notes

Levels and vault maps discovered:
D:1:      saegor_arrival_miasma, layout_rooms
D:2:      layout_basic
D:3:      layout_basic, uniq_terence
D:4:      layout_cave_pods, skrybe_limestone_x
D:5:      layout_gridville, minmay_temple_entry_large_hall, serial_shops,
          nicolae_shop_trees, nicolae_shop_overcharged_wands
D:6:      lemuel_slime, layout_basic, gammafunk_ghost_hive,
          sigmund_edmund_badplayer
D:7:      layout_basic, minivault_10, minmay_holes, grunt_ministairs_4,
          uniq_menkaure
D:8:      layout_rooms, dpeg_oklobed_lair, chequers_serial_rivers_micro_d,
          dk_vineyard_2, feat_on_display
Temple:   kilobyte_greek_temple

Skill      XL: |  1  2  3  4  5  6  7  8  9 |
---------------+----------------------------+-----
Fire Magic     | 3 4 5 |  5.3
Conjurations   | 2 3 4 5 6 |  6.9
Spellcasting   | 3 4 5 |  5.0
Fighting       | 1 2 3 4 5 6 |  6.4
Earth Magic    | 1 3 4 |  4.1
Dodging        | |  1.7
Stealth        | |  1.7

Action                   |  1- 3 |  4- 6 |  7- 9 || total
-------------------------+-------+-------+-------++-------
Melee: Dagger            |    27 |    21 |    22 ||    70
       Touch             |     5 |     3 |     4 ||    12
 Cast: Foxfire           |    69 |    57 |    93 ||   219
       Scorch            |     4 |    24 |    89 ||   117
  Use: Scroll            |       |       |     5 ||     5
 Stab: Sleeping          |     1 |     2 |     1 ||     4
Armor: Robe              |     8 |     2 |       ||    10
       Leather armour    |       |     2 |    18 ||    20
Dodge: Dodged            |    25 |    25 |    44 ||    94

Table legend: (Time is in decaauts)
 A = Elapsed time spent in this place.
 B = Non-inter-level travel time spent in this place.
 C = Inter-level travel time spent in this place.
 D = Time resting spent in this place.
 E = Time spent auto-exploring this place.
 F = Levels seen in this place.
 G = Mean time per level.
                   A        B        C        D        E       F      G
               +--------+--------+--------+--------+--------+-----+--------+
         Total |   8937 |   8631 |    306 |    448 |   6958 |   9 |  993.0 |
       Dungeon |   8758 |   8489 |    269 |    366 |   6915 |   8 | 1094.8 |
        Temple |    179 |    143 |     36 |     82 |     43 |   1 |  179.0 |
               +--------+--------+--------+--------+--------+-----+--------+

Top non-repeatable levels by time:
     D:4: 1506 daAuts
     D:3: 1434 daAuts
     D:7: 1414 daAuts
     D:5: 1121 daAuts
     D:2: 1089 daAuts
     D:6: 961 daAuts
     D:1: 933 daAuts
     D:8: 297 daAuts
  Temple: 179 daAuts
